 Dungeon Crawl Stone Soup version 0.32-a0-460-gc8eefc90e7 (webtiles) character file.

Game seed: 15952059163414375176

382 Kenran the Shooter (level 6, 0/52 HPs)
             Began as a Minotaur Hedge Wizard on Feb 24, 2024.
             Succumbed to a kobold brigand's curare-tipped dart
             ... in a sewer.
             The game lasted 00:04:59 (3198 turns).

Kenran the Shooter (Minotaur Hedge Wizard)          Turns: 3198, Time: 00:05:00

Health: 0/52       AC:  8    Str: 16    XL:     6   Next: 47%
Magic:  8/8        EV:  7    Int: 11    God:
Gold:   102        SH:  0    Dex: 10    Spells: 8/9 levels left

rFire   . . .        a - +3 sling of Anxiety {drain, +Blink rC+}
rCold   + . .        (no shield)
rNeg    . . .        g - +0 chain mail
rPois   .            c - +0 hat
rElec   .            (no cloak)
rCorr   .            (no gloves)
SInv    .            (no boots)
Will    .....        o - amulet of regeneration Stlth
                     (no ring)
HPRegen 1.08/turn    (no ring)
MPRegen 0.11/turn

%: no passive effects
@: lethally poisoned (0 -> -9), hasted and slowed
A: horns 2, retaliatory headbutt
a: Evoke Blink


You were in a sewer.
You visited 1 branch of the dungeon, and saw 4 of its levels.
You also visited: Sewer.

You collected 232 gold pieces.
You spent 130 gold pieces at shops.

Inventory:

Hand Weapons
 a - the +3 sling of Anxiety (weapon) {drain, +Blink rC+}
   (You bought it in a shop on level 1 of the Dungeon)

   rC+:       It protects you from cold.
   +Blink:    It lets you blink.
 b - the +10 dagger "Ox" {venom, rPois rF+ rN++ SInv}
   (You found it on level 3 of the Dungeon)

   rF+:       It protects you from fire.
   rPois:     It protects you from poison rN++: It greatly protects you from
   negative energy.
   SInv:      It lets you see invisible.
Missiles
 t - a curare-tipped dart
Armour
 c - a +0 hat (worn)
 g - a +0 chain mail (worn)
Jewellery
 o - an amulet of regeneration (around neck)
Wands
 q - a wand of polymorph (7)
Scrolls
 e - 2 scrolls of fog {unknown}
 f - a scroll of teleportation {unknown}
 m - 3 scrolls of identify {unknown}
 s - a scroll of fear {unknown}
Potions
 d - 2 potions of magic
 h - a potion of experience {unknown}
 i - a potion of lignification {unknown}
 j - a potion of degeneration {unknown}
 k - 3 potions of haste
 l - a potion of berserk rage {unknown}
 n - a potion of might {unknown}
 p - a potion of brilliance {unknown}
 r - a potion of curing {unknown}


   Skills:
 - Level 3.9 Fighting
 + Level 6.1 Ranged Weapons
 - Level 2.1 Dodging
 - Level 1.5 Stealth
 - Level 2.1 Spellcasting
 - Level 0.6 Conjurations
 - Level 0.6 Summonings
 - Level 0.6 Translocations


You had 8 spell levels left.
You knew the following spells:

 Your Spells              Type           Power      Damage    Failure   Level
a - Magic Dart            Conj           8%         1d3       97%         1

Your spell library contained the following spells:

 Spells                   Type           Power      Damage    Failure   Level
 Slow                     Hex            4%         N/A       99%         1
 Blink                    Tloc           4%         N/A       99%         2
 Call Imp                 Summ           4%         N/A       99%         2
 Cigotuvi's Dreadful Rot  Necr/Alch/Air  2%         N/A       99%         2
 Ensorcelled Hibernation  Hex/Ice        2%         N/A       99%         2
 Static Discharge         Conj/Air       2%         3-4/arc   99%         2
 Fugue of the Fallen      Necr           1%         N/A       100%        3
 Mephitic Cloud           Conj/Alch/Air  1%         N/A       100%        3
 Airstrike                Air            0%         2d(1-17)  100%        4
 Anguish                  Hex/Necr       0%         N/A       100%        4
 Summon Lightning Spire   Summ/Air       1%         N/A       100%        4


Dungeon Overview and Level Annotations

Branches:
Dungeon (4/15)              Sewer (1/1)
 Temple: D:4-7

Altars:
Qazlal
Xom

Shops:
D:1 (   D:3 (


Innate Abilities, Weirdness & Mutations

You have a pair of horns on your head.
You reflexively headbutt those who attack you in melee.


Message History

You are poisoned.
You have difficulty breathing.
You feel yourself slow down.
You shoot a sling bullet.
The sling bullet hits the kobold brigand.
You drain the kobold brigand.
The kobold brigand is moderately wounded.
You feel extremely sick.
You shoot a sling bullet.
The sling bullet hits the kobold brigand!
The kobold brigand is heavily wounded.
You feel very sick.
The kobold brigand throws a curare-tipped dart.
The curare-tipped dart hits you.
You are more poisoned.
You have difficulty breathing.
You feel as though you will be slow longer.
You are too injured to fight recklessly!
You are too injured to fight recklessly!
Fire: a) +3 sling of Anxiety {drain, +Blink rC+}
Press: ? - help, Q - select action, (/) - cycle Shift-Dir - straight line, f/p - kobold brigand
Aim: a kobold brigand, wielding a +3 dagger and quivering curare-tipped darts (heavily wounded, lightly drained, 55% to hit)
You shoot a sling bullet.
The sling bullet hits the kobold brigand.
The kobold brigand is heavily wounded.
You feel extremely sick.
The kobold brigand throws a curare-tipped dart.
The curare-tipped dart hits you.
You are more poisoned.
You have difficulty breathing.
* * * LOW HITPOINT WARNING * * *
You feel as though you will be slow longer.
Fire: a) +3 sling of Anxiety {drain, +Blink rC+}
Press: ? - help, Q - select action, (/) - cycle Shift-Dir - straight line, f/p - kobold brigand
Aim: a kobold brigand, wielding a +3 dagger and quivering curare-tipped darts (heavily wounded, lightly drained, 55% to hit)
You shoot a sling bullet.
The sling bullet closely misses the kobold brigand.
* * * LOW HITPOINT WARNING * * *
You feel extremely sick.
It was a potion of haste.
You feel yourself speed up.
You die...

.~~....~~#
..~~.≣~≣## ~~~..≣~≣
### P....≣~≣###.###
.~..~≣~≣#~#.~~####
.~.~.≣~..#~.~.##..
..~~.≣~≣≣≣≣≣≣≣≣≣~#
.~...≣~≣ ~~~~~~K.#
..~.~≣~≣≣≣≣≣≣≣≣≣@#
...~~≣~≣~.≣~≣.P.P##
..÷~÷.P.~.≣~≣~.PPP#
~.~.)~P...≣~≣~~~PP#
.~~~~÷÷~~)≣~≣~..~P#
.~.≣~≣÷.~.≣~≣~..~##
###≣~≣#.~~..~~~~.#
# ≣~≣#####.~.~~##
## ≣~≣ ##.~~~~##


You could see a kobold brigand (drained).

Vanquished Creatures
  3 kobold brigands (Sewer)
  A bombardier beetle (D:3)
  5 adders
  3 river rats (Sewer)
  2 dart slugs
  2 ribbon worms
  10 ball pythons
  7 endoplasms
  2 giant cockroaches (D:4)
  2 goblins (D:1)
  5 hobgoblins
  A jackal (Sewer)
  4 quokkas
  6 bats
  6 frilled lizards
  3 kobolds
  10 rats
72 creatures vanquished.

Notes
Turn   | Place    | Note
-------+----------+-------------------------------------------
     0 | D:1      | Kenran the Minotaur Hedge Wizard began the quest for the
                  | Orb.
     0 | D:1      | Reached XP level 1. HP: 14/14 MP: 2/2
   174 | D:1      | Reached skill level 1 in Fighting
   354 | D:1      | Reached XP level 2. HP: 23/24 MP: 4/4
   541 | D:1      | Found Fion Kaa's Antique Weapon Shoppe.
  1020 | D:2      | Reached XP level 3. HP: 31/31 MP: 5/5
  1624 | D:2      | Found a shimmering altar of Xom.
  1647 | D:2      | Noticed an eye of devastation
  1649 | D:2      | Found a faded altar of an unknown god.
  1651 | D:2      | Noticed a shining eye
  1651 | D:2      | Noticed an eye of devastation
  1651 | D:2      | Noticed an eye of devastation
  1844 | D:1      | Bought a pitted sling for 130 gold pieces
  1844 | D:1      | Identified the +3 sling of Anxiety {drain, +Blink rC+} (You
                  | bought it in a shop on level 1 of the Dungeon)
  1950 | D:3      | Found a stormy altar of Qazlal.
  1978 | D:3      | Reached skill level 1 in Ranged Weapons
  2035 | D:3      | Identified the +10 dagger "Ox" {venom, rPois rF+ rN++ SInv}
  2052 | D:3      | Reached XP level 4. HP: 25/40 MP: 6/6
  2065 | D:3      | Reached skill level 2 in Ranged Weapons
  2316 | D:3      | Identified the +5 short sword of the Philosopher {venom,
                  | Int+6}
  2419 | D:3      | Reached skill level 3 in Ranged Weapons
  2431 | D:3      | Found Nuuzuda's Antique Weapon Emporium.
  2852 | D:4      | Found a glowing drain.
  2858 | Sewer    | Entered a sewer
  2890 | Sewer    | Reached XP level 5. HP: 45/46 MP: 7/7
  2930 | Sewer    | Reached skill level 4 in Ranged Weapons
  2947 | Sewer    | Reached skill level 5 in Ranged Weapons
  2947 | Sewer    | Reached XP level 6. HP: 52/52 MP: 8/8
  3021 | Sewer    | Reached skill level 6 in Ranged Weapons
  3198 | Sewer    | Succumbed to a kobold brigand's curare-tipped dart

Illustrated notes

Levels and vault maps discovered:
D:1:      dpeg_arrival_rooms_with_view, layout_rooms, serial_shops, shop,
          serial_co_window_serial, co_window_corner_a, co_window_paths_a,
          co_window_paths_a, co_window_paths_b, co_window_paths_a,
          co_window_of_opportunity_a, co_window_paths_a,
          co_window_unsneaky_path_a, co_window_unsneaky_path_a,
          co_window_corner_ca, co_window_unsneaky_path_a, co_window_corner_b,
          co_window_sun, glass_columns_b, glass_columns_b, chequers_arboretum,
          minmay_hexomino_u4
D:2:      layout_loops_ring, basic_altar, hellmonk_ecumenical_altar_watching_god
D:3:      layout_basic, lemuel_doored_altar, serial_shops, nicolae_shop_stone,
          minmay_misc_feat_cross
D:4:      layout_loops_cross, serial_shops, shop_fountains,
          mainiacjoe_sewer_entry_somewhere_in_here_1, uniq_crazy_yiuf_cottage,
          uniq_eustachio
Sewer:    sewer_co_scattered_pipes

Skill      XL: |  1  2  3  4  5  6 |
---------------+-------------------+-----
Fighting       | 2 3 |  3.9
Ranged Weapons | 1 3 5 6 |  6.1
Dodging        | |  2.1
Stealth        | |  1.5
Spellcasting   | |  2.1
Conjurations   | |  0.6
Summonings     | |  0.6
Translocations | |  0.6

Action                     |  1- 3 |  4- 6 || total
---------------------------+-------+-------++-------
  Melee: Short sword       |    73 |       ||    73
         Dagger            |    11 |    19 ||    30
         Headbutt          |    15 |     3 ||    18
   Fire: Sling             |    38 |    83 ||   121
    Use: Potion            |       |     1 ||     1
 Armour: Chain mail        |    85 |    40 ||   125
         Robe              |     1 |       ||     1
  Dodge: Dodged            |    53 |    17 ||    70

Table legend: (Time is in decaauts)
 A = Elapsed time spent in this place.
 B = Non-inter-level travel time spent in this place.
 C = Inter-level travel time spent in this place.
 D = Time resting spent in this place.
 E = Time spent auto-exploring this place.
 F = Levels seen in this place.
 G = Mean time per level.
                   A        B        C        D        E       F      G
               +--------+--------+--------+--------+--------+-----+--------+
         Total |   3328 |   3019 |    309 |    243 |   2109 |   5 |  665.6 |
       Dungeon |   2909 |   2600 |    309 |    140 |   1934 |   4 |  727.2 |
         Sewer |    418 |    418 |      0 |    103 |    175 |   1 |  418.0 |
               +--------+--------+--------+--------+--------+-----+--------+

Top non-repeatable levels by time:
     D:1: 1188 daAuts
     D:3: 942 daAuts
     D:2: 730 daAuts
   Sewer: 418 daAuts
     D:4: 48 daAuts
